 Dungeon Crawl Stone Soup version 0.27-a0-1442-g87b6fcb595 (webtiles) character file.

Game seed: 10441897741110134504

1099 funkygono the Ducker (level 8, -3/59 (63) HPs)
             Began as a Gnoll Gladiator on July 5, 2021.
             Slain by a black bear (8 damage)
             ... on level 5 of the Dungeon.
             The game lasted 00:12:36 (6118 turns).

funkygono the Ducker (Gnoll Gladiator)              Turns: 6118, Time: 00:12:37

HP:   -3/59 (63)    AC:  9    Str: 15    XL:     8   Next: 32%
MP:   12/12         EV: 14    Int:  9    God:
Gold: 387           SH:  6    Dex: 13    Spells: 12/13 levels left

rFire    . . .     SeeInvis .   a - +2 long sword
rCold    . . .     Faith    .   h - +2 buckler {AC+3}
rNeg     . . .     Spirit   .   b - +0 leather armour
rPois    .         Reflect  .   c - +0 helmet
rElec    .         Harm     .   o - +1 cloak {rCorr}
rCorr    +         Rampage  .   (no gloves)
Will     .....                  (no boots)
Stlth    +.........             (no amulet)
HPRegen  0.19/turn              (no ring)
MPRegen  0.13/turn              (no ring)

@: lit by a corona, glowing, drained
A: fangs 1, strong nose, distributed training
a: no special abilities


You were on level 5 of the Dungeon.
You visited 2 branches of the dungeon, and saw 7 of its levels.

You collected 387 gold pieces.

Inventory:

Hand Weapons
 a - a +2 long sword (weapon)
 k - a +3 scythe of protection
 n - a +2 quarterstaff of chaos
 s - a +1 flail of holy wrath
Missiles
 d - a throwing net
 r - 15 poisoned darts (quivered)
Armour
 b - a +0 leather armour (worn)
 c - a +0 helmet (worn)
 g - a +0 chain mail
 h - a +2 buckler of protection (worn)
 i - a +0 plate armour
 l - a +0 ring mail
 o - a +1 cloak of preservation (worn)
Magical Staves
 p - a staff of fire
 t - a staff of air
Scrolls
 f - 2 scrolls of teleportation
Potions
 e - a potion of curing
 j - 2 potions of lignification
 m - 2 potions of haste
 v - a potion of mutation


   Skills:
 + Level 5.6 Fighting
 + Level 3.1 Short Blades
 + Level 7.3 Long Blades
 + Level 3.1 Axes
 + Level 3.1 Maces & Flails
 + Level 3.1 Polearms
 + Level 3.1 Staves
 + Level 3.1 Slings
 + Level 3.1 Bows
 + Level 3.1 Crossbows
 + Level 5.6 Throwing
 + Level 3.1 Armour
 + Level 7.3 Dodging
 + Level 3.1 Stealth
 + Level 3.1 Shields
 + Level 3.1 Unarmed Combat
 + Level 3.1 Spellcasting
 + Level 2.5 Conjurations
 + Level 2.5 Hexes
 + Level 2.5 Summonings
 + Level 2.5 Necromancy
 + Level 2.5 Translocations
 + Level 2.5 Transmutations
 + Level 2.5 Fire Magic
 + Level 2.5 Ice Magic
 + Level 2.5 Air Magic
 + Level 2.5 Earth Magic
 + Level 2.5 Poison Magic
 + Level 3.5 Invocations
 + Level 3.1 Evocations


You had 12 spell levels left.
You knew the following spells:

 Your Spells              Type           Power      Damage    Failure   Level
a - Magic Dart            Conj           24%        1d4       14%         1

Your spell library contained the following spells:

 Spells                   Type           Power      Damage    Failure   Level
 Searing Ray              Conj           12%        3d3       22%         2
 Conjure Flame            Conj/Fire      6%         6-21      38%         3
 Gell's Gravitas          Tloc           3%         N/A       38%         3
 Ignite Poison            Fire/Tmut/Pois 6%         N/A       38%         3
 Lesser Beckoning         Tloc           3%         N/A       38%         3
 Teleport Other           Tloc           6%         N/A       38%         3
 Fulminant Prism          Conj/Hex       3%         3d6       80%         4
 Sticky Flame             Conj/Fire      6%         2d3       80%         4


Dungeon Overview and Level Annotations

Branches:
Dungeon (6/15)             Temple (1/1) D:4

Altars:
Ashenzari
Cheibriados
Dithmenos
Gozag
Hepliaklqana
Kikubaaqudgha
Makhleb
Nemelex Xobeh
Qazlal
Ru
Sif Muna
Trog
Uskayaw
Vehumet
Wu Jian
The Shining One

Shops:
D:4 (   D:5 *


Innate Abilities, Weirdness & Mutations

You have very sharp teeth.
Your uncanny sense of smell can sniff out nearby items.
Your experience applies equally to all skills.


Message History

Unknown command.
You block the black bear's attack.
The black bear claws you but does no damage.
The black bear barely misses you.
You hit the black bear.
The black bear is moderately wounded.
The black bear bites you but does no damage.
You block the black bear's attack. x2
You barely miss the black bear.
The black bear is moderately wounded.
The black bear bites you but does no damage.
The black bear claws you but does no damage.
The black bear barely misses you.
You slash the black bear!
The black bear is heavily wounded.
The black bear misses you. The black bear barely misses you.
The black bear claws you but does no damage.
You slash the black bear!
The black bear is almost dead.
The black bear goes berserk!
You closely miss the black bear.
The black bear is almost dead.
The black bear bites you.
* * * LOW HITPOINT WARNING * * *
The black bear claws you.
* * * LOW HITPOINT WARNING * * *
The black bear misses you. x2
The black bear claws you but does no damage.
You block the black bear's attack.
You barely miss the black bear.
The black bear is almost dead.
The black bear barely misses you. x2; The black bear claws you.
* * * LOW HITPOINT WARNING * * *
You hit the black bear.
The black bear is almost dead.
The black bear bites you.
* * * LOW HITPOINT WARNING * * *
The black bear closely misses you. The black bear misses you.
The black bear bites you!
You die...

#.###..#####.# #.###..# #.#
#......# #.# #####'## #.#
##...## #.########## #
##.....## #........[.# ##
##.......#####..###.#.#
.####.........####..>##.#.#
....+.........'.@ho.>.#.#.#
.####.........####...#.∩#.#
## ##.......## #..##.##.# #
##.....## #.###.##.#
##...## #.###.##.#
##'###### #........#
#.......# #####.#### ###
#..####.#######.# ..#
#..#............#


You could see a black bear (berserk) and an orc.

Vanquished Creatures
  Sigmund (D:2)
  A wyvern (D:5)
  Edmund (D:5)
  An ogre (D:4)
  A phantom (D:4)
  A water moccasin zombie (D:5)
  4 killer bees (D:5)
  A wight (D:5)
  Crazy Yiuf (D:2)
  A bullfrog skeleton (D:4)
  2 iguanas (D:5)
  A howler monkey zombie (D:4)
  A gnoll (D:5)
  2 adders
  A shadow imp (D:5)
  A white imp (D:5)
  A worm (D:3)
  A dart slug (D:3)
  5 orcs
  6 ball pythons
  5 bats
  7 endoplasms
  2 giant cockroaches
  8 goblins
  4 hobgoblins
  3 jackals (D:3)
  8 kobolds
  7 quokkas
  6 frilled lizards
  7 rats
91 creatures vanquished.

Notes
Turn   | Place    | Note
-------+----------+-------------------------------------------
     0 | D:1      | funkygono the Gnoll Gladiator began the quest for the Orb.
     0 | D:1      | Reached XP level 1. HP: 20/20 MP: 1/1
   137 | D:1      | Reached XP level 2. HP: 12/26 MP: 2/2
   753 | D:1      | Found a faded altar of an unknown god.
  1066 | D:1      | Identified a scroll of acquirement
  1066 | D:1      | Acquired a +2 buckler of protection
  1099 | D:2      | Reached XP level 3. HP: 31/31 MP: 3/3
  1150 | D:2      | Noticed Sigmund
  1160 | D:2      | Killed Sigmund
  1161 | D:2      | Reached skill level 1 in Short Blades
  1161 | D:2      | Reached skill level 1 in Axes
  1161 | D:2      | Reached skill level 1 in Maces & Flails
  1161 | D:2      | Reached skill level 1 in Polearms
  1161 | D:2      | Reached skill level 1 in Staves
  1161 | D:2      | Reached skill level 1 in Slings
  1161 | D:2      | Reached skill level 1 in Bows
  1161 | D:2      | Reached skill level 1 in Crossbows
  1161 | D:2      | Reached skill level 1 in Armour
  1161 | D:2      | Reached skill level 1 in Stealth
  1161 | D:2      | Reached skill level 1 in Shields
  1161 | D:2      | Reached skill level 1 in Unarmed Combat
  1161 | D:2      | Reached skill level 1 in Spellcasting
  1161 | D:2      | Reached skill level 1 in Conjurations
  1161 | D:2      | Reached skill level 1 in Hexes
  1161 | D:2      | Reached skill level 1 in Summonings
  1161 | D:2      | Reached skill level 1 in Necromancy
  1161 | D:2      | Reached skill level 1 in Translocations
  1161 | D:2      | Reached skill level 1 in Transmutations
  1161 | D:2      | Reached skill level 1 in Fire Magic
  1161 | D:2      | Reached skill level 1 in Ice Magic
  1161 | D:2      | Reached skill level 1 in Air Magic
  1161 | D:2      | Reached skill level 1 in Earth Magic
  1161 | D:2      | Reached skill level 1 in Poison Magic
  1161 | D:2      | Reached skill level 1 in Invocations
  1161 | D:2      | Reached skill level 1 in Evocations
  1161 | D:2      | Reached XP level 4. HP: 9/38 MP: 3/6
  1161 | D:2      | Reached XP level 5. HP: 10/43 MP: 3/7
  1465 | D:2      | Found a bloodstained altar of Trog.
  2008 | D:2      | Found a runed translucent door.
  2009 | D:2      | Noticed Crazy Yiuf
  2017 | D:2      | Killed Crazy Yiuf
  2018 | D:2      | Reached XP level 6. HP: 33/50 MP: 8/8
  2408 | D:3      | Learned a level 1 spell: Magic Dart
  2526 | D:3      | Found a hazy altar of Hepliaklqana.
  3004 | D:4      | Found an ancient bone altar of Kikubaaqudgha.
  3277 | D:4      | Found Guwitik's Antique Weapon Shoppe.
  3315 | D:4      | Reached skill level 5 in Fighting
  3315 | D:4      | Reached skill level 5 in Throwing
  3711 | D:4      | Reached XP level 7. HP: 56/56 MP: 5/10
  3868 | D:4      | Found a staircase to the Ecumenical Temple.
  3874 | Temple   | Entered the Ecumenical Temple
  4537 | D:5      | Entered Level 5 of the Dungeon
  4767 | D:5      | Noticed a wyvern
  4780 | D:5      | Killed a wyvern
  5448 | D:5      | Reached XP level 8. HP: 58/63 MP: 12/12
  5867 | D:5      | Found Gighem's Lightly-Used Armoury.
  5879 | D:5      | Noticed Edmund
  5890 | D:5      | Killed Edmund
  6118 | D:5      | Slain by a black bear

Illustrated notes

Levels and vault maps discovered:
D:1:      dpeg_arrival_round_a, layout_basic, basic_ecumenical_altar,
          minmay_misc_feat_roman, kennysheep_decorative_pillar,
          minmay_pentomino_u2
D:2:      layout_loops_cross, basic_altar, uniq_sigmund, uniq_crazy_yiuf_cottage
D:3:      layout_rooms, nzn_hepliaklqana_mist_gate, st_stairs_7
D:4:      layout_basic, amcnicky_altar_gilded, temple_statues, serial_shops,
          nicolae_shop_stone, amethyst_killhole, chequers_serial_rivers_room_b
D:5:      layout_loops_corners, minmay_shop_damaged, uniq_edmund
D:6:      layout_rooms, serial_bayou, serial_bayou_pond_b, serial_bayou_pond_b,
          serial_bayou_pond_e, serial_bayou_pond_e, nicolae_ossuary_entry_giza,
          minmay_misc_feat_hallway, fountainhead
Temple:   minmay_temple_curvy_branch

Skill      XL: |  1  2  3  4  5  6  7  8 |
---------------+-------------------------+-----
Short Blades   | 1 2 3 |  3.1
Axes           | 1 2 3 |  3.1
Maces & Flails | 1 2 3 |  3.1
Polearms       | 1 2 3 |  3.1
Staves         | 1 2 3 |  3.1
Slings         | 1 2 3 |  3.1
Bows           | 1 2 3 |  3.1
Crossbows      | 1 2 3 |  3.1
Armour         | 1 2 3 |  3.1
Stealth        | 1 2 3 |  3.1
Shields        | 1 2 3 |  3.1
Unarmed Combat | 1 2 3 |  3.1
Spellcasting   | 1 2 3 |  3.1
Conjurations   | 1 2 |  2.5
Hexes          | 1 2 |  2.5
Summonings     | 1 2 |  2.5
Necromancy     | 1 2 |  2.5
Translocations | 1 2 |  2.5
Transmutations | 1 2 |  2.5
Fire Magic     | 1 2 |  2.5
Ice Magic      | 1 2 |  2.5
Air Magic      | 1 2 |  2.5
Earth Magic    | 1 2 |  2.5
Poison Magic   | 1 2 |  2.5
Invocations    | 1 2 3 |  3.5
Evocations     | 1 2 3 |  3.1
Fighting       | 5 |  5.6
Throwing       | 5 |  5.6
Long Blades    | 7 |  7.3
Dodging        | 7 |  7.3

Action                   |  1- 3 |  4- 6 |  7- 9 || total
-------------------------+-------+-------+-------++-------
Melee: Long sword        |    83 |    98 |    95 ||   276
       Bite              |     8 |    11 |     9 ||    28
Throw: Throwing net      |     5 |       |     1 ||     6
       Dart              |       |       |     6 ||     6
       Boomerang         |       |       |     3 ||     3
 Cast: Magic Dart        |       |    30 |     7 ||    37
  Use: Scroll            |     5 |     1 |     6 ||    12
       Potion            |       |       |     3 ||     3
 Stab: Sleeping          |       |     1 |       ||     1
Armor: Leather armour    |    26 |    26 |    41 ||    93
Dodge: Dodged            |    75 |    65 |    72 ||   212
Block: Buckler           |     5 |    31 |    42 ||    78
       Rpst.: Long sword |    19 |    22 |    15 ||    56

Table legend: (Time is in decaauts)
 A = Elapsed time spent in this place.
 B = Non-inter-level travel time spent in this place.
 C = Inter-level travel time spent in this place.
 D = Time resting spent in this place.
 E = Time spent auto-exploring this place.
 F = Levels seen in this place.
 G = Mean time per level.
                   A        B        C        D        E       F      G
               +--------+--------+--------+--------+--------+-----+--------+
         Total |   6140 |   5960 |    180 |      0 |   5084 |   7 |  877.1 |
       Dungeon |   5843 |   5667 |    176 |      0 |   4837 |   6 |  973.8 |
        Temple |    296 |    293 |      3 |      0 |    247 |   1 |  296.0 |
               +--------+--------+--------+--------+--------+-----+--------+

Top non-repeatable levels by time:
     D:5: 1539 daAuts
     D:4: 1473 daAuts
     D:2: 1108 daAuts
     D:1: 1091 daAuts
     D:3: 584 daAuts
  Temple: 296 daAuts
     D:6: 46 daAuts
